Map: Iron Fortress LE (Void)

Players

AgCl

  • Race: Protoss Protoss

Bassa - Winner!

  • Race: Zerg Zerg

VOD

Have the link to the VOD?

Description

Time

  • Played on: May 4, 2015, 2:03 a.m.
  • Length: 9:06
Show
View Real Time Build Order
Export as new Build Order

AgCl Protoss 

Build Orders: Oracle Opening, Oracle Opening 

Get SALT Encoding   

  12  0:02  Probe  
  13  0:14  Probe  
  14  0:24  Pylon  
  14  0:43  Probe  
  14  0:44  Assimilator  
  14  0:45  Gateway  
  15  0:55  Probe  
  16  1:07  Probe (Chrono Boost), Pylon  
  17  1:17  Probe (Chrono Boost)  
  18  1:24  Probe  
  19  1:34  Zealot (Chrono Boost)  
  19  1:36  Probe  
  19  1:37  Cybernetics Core  
  22  1:49  Probe (Chrono Boost)  
  22  1:53  Assimilator  
  23  2:01  Probe (Chrono Boost)  
  25  2:08  Probe (Chrono Boost)  
  25  2:17  Stargate  
  25  2:18  Probe  
  26  2:50  Nexus  
  25  2:51  Warp Gate (Chrono Boost)  
  25  2:53  Mothership Core (Chrono Boost), Assimilator  
  26  3:07  Pylon  
  26  3:08  Oracle (Chrono Boost)  
  26  3:12  Probe  
  30  3:22  Pylon  
  30  3:25  Probe  
  31  3:36  Twilight Council  
  31  3:37  Probe  
  31  3:40  Gateway  
  32  3:49  Probe  
  32  3:52  Gateway  
  33  4:04  Gateway  
  33  4:06  Probe (Chrono Boost)  
  34  4:12  Probe (Chrono Boost)  
  36  4:22  Probe x2 (Chrono Boost)  
  37  4:29  Probe (Chrono Boost)  
  39  4:35  Probe (Chrono Boost), Dark Shrine  
  39  4:36  Charge (Chrono Boost)  
  40  4:39  Probe (Chrono Boost)  
  40  4:42  Probe (Chrono Boost)  
  41  4:46  Probe (Chrono Boost)  
  41  4:48  Forge  
  42  4:58  Probe (Chrono Boost)  
  42  4:59  Probe (Chrono Boost), Assimilator  
  44  5:06  Probe (Chrono Boost)  
  46  5:07  Probe (Chrono Boost)  
  46  5:15  Probe  
  46  5:18  Probe  
  48  5:27  Pylon  
  48  5:28  Probe  
  49  5:30  Probe  
  50  5:41  Probe, Protoss Ground Weapons Level 1 (Chrono Boost)  
  51  5:43  Probe  
  51  5:45  Zealot x2  
  51  5:48  Dark Templar  
  58  5:53  Probe  
  58  5:56  Probe  
  59  6:06  Dark Templar x2  
  59  6:09  Probe  
  62  6:16  Void Ray (Chrono Boost)  
  62  6:25  Dark Templar  
  61  6:28  Probe (Chrono Boost)  
  63  6:33  Probe (Chrono Boost)  
  63  6:34  Pylon  
  63  6:41  Pylon  
  63  6:52  Void Ray (Chrono Boost)  
  63  6:53  Pylon  
  67  6:57  Dark Templar, Zealot x2  
  67  7:00  Probe  
  73  7:07  Pylon  
  71  7:18  Zealot  
  71  7:21  Nexus  
  73  7:24  Probe, Assimilator  
  73  7:25  Phoenix (Chrono Boost)  
  73  7:28  Photon Cannon, Assimilator  
  73  7:29  Probe  
  77  7:31  Pylon  
  77  7:36  Probe  
  78  7:39  Pylon, Stargate  
  78  7:42  Gateway  
  77  7:52  Probe  
  76  8:05  Dark Templar  
  76  8:06  Dark Templar  
  74  8:35  Photon Cannon  
  74  8:37  Probe (Chrono Boost)  
  74  8:38  Pylon  
  76  8:41  Photon Cannon  
  76  8:42  Photon Cannon  
  76  8:44  Pylon  
  76  8:47  Probe (Chrono Boost)  
  76  8:48  Templar Archives  
  80  8:52  Pylon  
  80  8:53  Probe (Chrono Boost)  
  80  8:55  Fleet Beacon  
Show
View Real Time Build Order
Export as new Build Order

Bassa Zerg - Winner!

Build Orders: Pool First 

Get SALT Encoding   

  12  0:01  Drone  
  13  0:12  Drone  
  14  0:14  Extractor  
  14  0:15  Drone  
  15  0:31  Spawning Pool  
  14  0:37  Overlord  
  14  0:56  Drone x3  
  17  1:14  Hatchery  
  16  1:21  Queen  
  16  1:25  Zergling x2  
  19  1:38  Overlord  
  19  1:44  Drone x2  
  21  1:57  Queen, Extractor  
  22  2:14  Drone x3  
  25  2:36  Queen x2  
  26  2:39  Zergling x2  
  26  2:40  Zergling x2  
  30  2:50  Drone x3  
  30  2:51  Drone x3  
  36  2:58  Overlord  
  36  3:02  Spine Crawler  
  36  3:05  Spore Crawler  
  34  3:07  Spore Crawler  
  33  3:17  Drone x4  
  37  3:21  Metabolic Boost  
  37  3:27  Overlord  
  37  3:41  Overlord  
  37  3:42  Drone x2  
  37  3:43  Drone x2  
  41  3:53  Roach Warren  
  41  3:56  Lair  
  41  3:59  Extractor  
  41  4:00  Drone x4  
  41  4:01  Extractor  
  43  4:29  Overlord  
  43  4:31  Overlord  
  43  4:37  Extractor  
  42  4:39  Drone x3  
  42  4:40  Hatchery  
  42  4:41  Drone x3  
  42  4:42  Drone x2  
  49  4:57  Roach Warren  
  48  5:00  Extractor  
  47  5:12  Evolution Chamber  
  46  5:20  Drone x2  
  48  5:29  Hydralisk Den  
  47  5:38  Drone x8  
  47  5:39  Drone x2  
  57  5:45  Roach x6  
  57  5:46  Roach x3  
  75  5:52  Zerg Missile Weapons Level 1, Overlord  
  69  6:26  Overseer  
  69  6:28  Hydralisk x8  
  69  6:29  Hydralisk  
  87  6:35  Pneumatized Carapace  
  87  6:36  Overlord  
  87  6:51  Muscular Augments  
  87  7:04  Hydralisk x2  
  87  7:07  Hatchery  
  88  7:23  Drone x4  
  93  7:31  Overlord x2  
  93  7:32  Overlord  
  93  7:43  Hatchery  
  92  7:52  Roach x9  
  92  7:58  Spore Crawler, Spine Crawler  
  109  7:59  Overlord  
  108  8:07  Overseer  
  108  8:11  Overseer  
  106  8:14  Spine Crawler  
  106  8:16  Overlord  
  106  8:17  Overlord  
  101  8:22  Overlord  
  101  8:23  Overlord  
  97  8:34  Drone x3  
  97  8:35  Drone x5  
  97  8:40  Overseer  
  105  8:41  Overseer x2  
Tags
 
Add a new tag
Caveats
  • Supply blocks, unpowered buildings, or Contaminate may cause inaccurate times.
  • Supply counts are checked every 10 seconds.